 Dungeon Crawl Stone Soup version 0.26-a0-519-gb2f46efeda (webtiles) character file.

Game seed: 267525601232792699

110898 broness the Peltast (level 16, 131/145 HPs)
             Began as a Deep Dwarf Fighter on Aug 11, 2020.
             Was an Initiate of Gozag.
             Quit the game on level 2 of the Elven Halls.
             The game lasted 01:37:52 (19859 turns).

broness the Peltast (Deep Dwarf Fighter)           Turns: 19859, Time: 01:37:52

Health: 131/145    AC: 38    Str: 35    XL:     16   Next: 8%
Magic:  0/0        EV: 21    Int: 16    God:    Gozag
Gold:   556        SH: 15    Dex:  9    Spells: 15/15 levels left

rFire    . . .     SeeInvis +   v - +5 flail (drain)
rCold    + . .     Faith    .   c - +0 kite shield
rNeg     + + +     Spirit   .   U - +13 plate armour of the Trout {MR+ Str+4 Dex-4 Stlth+}
rPois    +         Reflect  .   Z - +0 hat of Hammat {rElec MR+ Str+4 Int-4 Stlth+}
rElec    +         Harm     +   M - scarf {repulsion}
rCorr    +                      O - +2 pair of gloves of Defence {rPois rC- rCorr SInv}
MR       ++++.                  X - +1 pair of boots of the Okapi {Harm Str+3}
Stlth    ++........             W - macabre finger necklace {rN+}
HPRegen  0.00/turn              L - ring "Jaq Paduot" {*Drain rC++ rN+ AC+4 Str+3}
MPRegen  0.07/turn              m - ring of Pihidura {rElec rPois rN+ Int+6 SInv}
                                K - ring of Phasing {EV+8}

@: non-regenerating, repel missiles
A: damage resistance, heal wounds, negative energy resistance 1, sense
surroundings 2, no regeneration
a: Heal Wounds, Potion Petition, Call Merchant, Bribe Branch, Renounce Religion


You were on level 2 of the Elven Halls.
You worshipped Gozag.
Gozag was pleased with you.
You visited 6 branches of the dungeon, and saw 24 of its levels.
You also visited: Gauntlet.

You collected 10331 gold pieces.
You spent 5426 gold pieces at shops.
You paid 4349 gold pieces to Gozag.

Inventory:

Hand Weapons
 p - a +3 morningstar of holy wrath
 v - a +5 flail of draining (weapon)
Missiles
 P - 14 javelins (quivered)
Armour
 c - a +0 kite shield (worn)
 A - a +1 cloak of magic resistance
 M - a scarf of repulsion (worn)
 O - the +2 pair of gloves of Defence (worn) {rPois rC- rCorr SInv}
   (You found it in a Gauntlet)

   It makes you vulnerable to cold.
   It protects you from poison.
   It lets you see invisible.
   It provides partial protection from all sources of acid and corrosion.
 U - the +13 plate armour of the Trout (worn) {MR+ Str+4 Dex-4 Stlth+}
   (You found it on level 3 of the Lair of Beasts)

   It affects your strength (+4).
   It affects your dexterity (-4).
   It affects your resistance to hostile enchantments.
   It makes you more stealthy.
 X - the +1 pair of boots of the Okapi (worn) {Harm Str+3}
   (You bought it in a shop on level 5 of the Lair of Beasts)

   It affects your strength (+3).
   It increases damage dealt and taken.
 Z - the +0 hat of Hammat (worn) {rElec MR+ Str+4 Int-4 Stlth+}
   (You found it on level 2 of the Orcish Mines)

   It affects your strength (+4).
   It affects your intelligence (-4).
   It insulates you from electricity.
   It affects your resistance to hostile enchantments.
   It makes you more stealthy.
Jewellery
 b - a cursed ring of poison resistance {unknown}
 j - an uncursed ring of resist corrosion
 m - the ring of Pihidura (right hand) {rElec rPois rN+ Int+6 SInv}
   (You acquired it on level 7 of the Dungeon)

   [ring of intelligence]

   It affects your intelligence (+6).
   It insulates you from electricity.
   It protects you from poison.
   It protects you from negative energy.
   It lets you see invisible.
 q - a +6 ring of dexterity {unknown}
 J - an uncursed ring of protection from magic
 K - the ring of Phasing (on amulet) {EV+8}
   (You bought it in a shop on level 5 of the Lair of Beasts)

   [ring of evasion]

   It affects your evasion (+8).
 L - the ring "Jaq Paduot" (left hand) {*Drain rC++ rN+ AC+4 Str+3}
   (You bought it in a shop on level 5 of the Dungeon)

   [ring of protection]

   It affects your AC (+4).
   It affects your strength (+3).
   It greatly protects you from cold.
   It protects you from negative energy.
   It causes draining when unequipped.
 W - the macabre finger necklace (around neck) {rN+}
   (You bought it in a shop on level 5 of the Lair of Beasts)

   [amulet of nothing]

   It protects you from negative energy.
Wands
 k - a wand of paralysis (3)
 o - a wand of digging (4)
 x - a wand of iceblast (13)
 z - a wand of acid (4)
 F - a wand of polymorph (3)
 G - a wand of disintegration (13)
 H - a wand of flame (62)
 Q - a wand of enslavement (5)
Scrolls
 e - 5 scrolls of magic mapping
 f - 12 scrolls of remove curse
 g - 7 scrolls of blinking {unknown}
 h - 3 scrolls of fog
 l - 4 scrolls of enchant armour
 r - 2 scrolls of identify
 s - 19 scrolls of teleportation
 t - a scroll of brand weapon {unknown}
 y - 3 scrolls of fear
 B - 4 scrolls of enchant weapon {unknown}
Potions
 a - a potion of berserk rage
 d - 5 potions of might
 i - 6 potions of heal wounds
 n - 7 potions of curing
 u - 2 potions of mutation
 w - 2 potions of brilliance
 C - 4 potions of ambrosia
 D - 3 potions of flight
 E - a potion of resistance
 I - 6 potions of haste
 N - 2 potions of cancellation
 T - 5 potions of magic
Miscellaneous
 R - a tin of tremorstones (1/3)
 S - a phial of floods (inert)
 V - a condenser vane (1/2)


   Skills:
 + Level 9.7 Fighting
 - Level 14.2 Maces & Flails
 * Level 6.7 Throwing
 - Level 11.0 Armour
 - Level 11.0 Dodging
 - Level 10.0 Stealth
 - Level 15.0 Shields
 + Level 11.1 Evocations


You had 15 spell levels left.
You didn't know any spells.
Your spell library contained the following spells:

 Spells                   Type           Power        Failure   Level
 Animate Skeleton         Necr           #.....       78%         1
 Corona                   Hex            #......      78%         1
 Magic Dart               Conj           #...         78%         1
 Pain                     Necr           #...         78%         1
 Sandblast                Erth           #.....       78%         1
 Blink                    Tloc           N/A          89%         2
 Call Imp                 Summ           #.......     89%         2
 Ensorcelled Hibernation  Hex/Ice        #.....       89%         2
 Passwall                 Tmut/Erth      #.......     89%         2
 Slow                     Hex            #.......     89%         2
 Sublimation of Blood     Necr           #.........   89%         2
 Confusing Touch          Hex            #.......     98%         3
 Conjure Flame            Conj/Fire      #.......     98%         3
 Dazzling Flash           Conj/Hex       #.....       98%         3
 Gell's Gravitas          Tloc           #.........   98%         3
 Mephitic Cloud           Conj/Pois/Air  #.......     98%         3
 Stone Arrow              Conj/Erth      #.....       98%         3
 Tukima's Dance           Hex            #.......     98%         3
 Cause Fear               Hex            #.........   100%        4
 Fulminant Prism          Conj/Hex       #.........   100%        4
 Iskenderun's Mystic Bla  Conj/Tloc      #.......     100%        4
 Petrify                  Tmut/Erth      #.......     100%        4
 Agony                    Necr           #.......     100%        5
 Lee's Rapid Deconstruct  Erth           #.........   100%        5
 Metabolic Englaciation   Hex/Ice        #.........   100%        5
 Silence                  Hex/Air        #.........   100%        5
 Yara's Violent Unravell  Hex/Tmut       #.........   100%        5
 Death Channel            Necr           #.........   100%        6
 Freezing Cloud           Conj/Ice/Air   #.........   100%        6
 Discord                  Hex            #.........   100%        8


Dungeon Overview and Level Annotations

Branches:
Dungeon (12/15)            Temple (1/1) D:5            Lair (6/6) D:10
 Shoals (1/4) Lair:2        Snake (0/4) Lair:2        Slime (0/5) Lair:5
    Orc (2/2) D:10            Elf (2/3) Orc:2       Gauntlet (visited)

Altars:
Ashenzari
Cheibriados
Dithmenos
Elyvilon
Fedhas
Gozag
Hepliaklqana
Kikubaaqudgha
Makhleb
Nemelex Xobeh
Okawaru
Qazlal
Ru
Sif Muna
Trog
Uskayaw
Vehumet
Wu Jian
Xom
Yredelemnul
Zin
The Shining One
Beogh

Shops:
D:4 (*   D:5 =   D:8 *   Orc:2 !!!(*   Elf:1 ((!*   Elf:2 :   Lair:5 =![(

Annotations:
D:8 1 runed translucent door
Lair:1 2 transporters
Lair:3 1 runed translucent door, Delarado's ghost, journeyman DEFE


Innate Abilities, Weirdness & Mutations

You are resistant to damage.
You can heal yourself by infusing magical energy.
You resist negative energy. (rN+)
You passively map the area around you.
You do not regenerate.


Message History

Things that are here:
a +0 long sword; a +2 buckler
Things that are here:
a +0 short sword; a +0 leather armour You see here a +0 long sword.
You see here a +2 scimitar of protection.
You now have 528 gold pieces (gained 8).
You now have 535 gold pieces (gained 7).
You now have 543 gold pieces (gained 8).
Things that are here:
a +2 short sword of venom; a +0 leather armour You now have 550 gold pieces (gained 7).
You see here a +0 rapier.
You now have 556 gold pieces (gained 6).
You see here a +0 scimitar.
Okay, then.
You feel much better.
You feel much better.
Search for what [Enter for "mr", or ? for help]? heal Are you sure you want to abandon this character and quit the game? (Confirm with "yes".)

..## , * , .##
##............ , ,
## ##.............
,
#..............,,,
,, #...........# ,
, #.........# ,
##....$.$$.##* , #
##....$......#.,,,
## #......@.......
, .##
##......$...... ,
..##
##..)..........
...#
##..)#......... ,
...#
##$..###........,,
* ...# #...##
##....... * ..##
##.).###........ ,
* .##
##..)#.........
########
##..).......... ,


There were no monsters in sight!

Vanquished Creatures
  Jorgrun (Elf:1)
  Gastronok (D:8)
  Kirke (Elf:1)
  An orc warlord (Orc:1)
  A stone giant (Orc:1)
  A deep elf demonologist (Elf:1)
  2 deep elf annihilators (Elf:1)
  A minotaur (Gauntlet)
  2 deep elf death magi
  2 death oozes (Gauntlet)
  5 hydras
  Harold (D:7)
  3 catoblepae (Lair:6)
  A centaur warrior (Orc:2)
  2 two-headed ogres
  7 death yaks (Lair:6)
  An orc high priest (Orc:2)
  2 large abominations (Elf:2)
  10 deep elf knights
  5 skeletal warriors
  A fire crab (shapeshifter) (Elf:2)
  6 deep elf archers (Elf:1)
  A wizard (Gauntlet)
  An orange crystal statue (Elf:2)
  3 orc knights (Orc:2)
  29 deep elf magi
  2 necromancers
  2 orc sorcerers (Orc:1)
  2 ugly things
  5 elephants
  2 manticores (Lair:6)
  4 torpor snails
  5 black mambas
  Maggie (D:7)
  A guardian serpent (Lair:2)
  12 cane toads
  4 komodo dragons
  4 polar bears
  3 trolls
  A merfolk (Shoals:1)
  3 slime creatures (Lair:5)
  A hornet (D:11)
  7 dream sheep
  10 blink frogs
  A raiju (Gauntlet)
  13 hippogriffs
  3 water elementals
  6 wyverns
  A wraith (D:12)
  2 air elementals
  2 basilisks
  42 yaks
  A fire elemental (Elf:1)
  2 steam dragons (Gauntlet)
  6 wargs
  An acid dragon (D:12)
  15 water moccasins
  4 porcupines
  2 phantoms
  A swamp drake (Orc:2)
  3 sky beasts
  An ice beast (D:8)
  9 ogres
  3 elephant zombies (Lair:3)
  A black bear (D:6)
  3 eyes of draining
  8 wolves
  35 orc warriors
  21 crocodiles
  26 centaurs
  5 big kobolds
  Blork the orc (D:4)
  9 bullfrogs
  6 elf zombies (Elf:2)
  A gnoll sergeant (D:8)
  3 earth elementals (Elf:1)
  A wyvern zombie (D:12)
  2 scorpions
  7 wights
  3 howler monkeys
  5 electric eels
  A crimson imp (Orc:2)
  A bullfrog zombie (D:10)
  2 centaur zombies
  A human zombie (D:8)
  2 quasits
  A basilisk zombie (Lair:3)
  12 orc priests
  A hound (D:4)
  A bullfrog skeleton (D:6)
  5 jellies
  18 orc wizards
  An iron imp (Orc:2)
  Terence (D:3)
  8 iguanas
  11 worker ants
  A crocodile zombie (Lair:3)
  A worker ant zombie (D:7)
  6 gnolls
  13 adders
  2 shadow imps
  3 white imps
  2 ufetubi
  An ooze (D:1)
  2 adder zombies
  2 adder skeletons (D:6)
  A worm (D:4)
  4 dart slugs
  3 leopard geckos
  84 orcs
  A ball python (D:5)
  7 bats
  2 giant cockroaches
  11 goblins
  3 hobgoblins
  4 jackals
  A quokka (D:3)
  5 frilled lizards
  A jackal skeleton (D:7)
  29 kobolds
  10 rats
  3 plants
683 creatures vanquished.

Vanquished Creatures (others)
  20 dancing weapons
  3 humans (Elf:1)
  An ogre (Orc:2)
  An orc wizard (Orc:2)
  4 orcs (Orc:2)
  4 fungi
  4 plants
  5 withered plants
42 creatures vanquished.

Grand Total: 725 creatures vanquished

Notes
Turn   | Place    | Note
-------+----------+-------------------------------------------
     0 | D:1      | broness the Deep Dwarf Fighter began the quest for the Orb.
     0 | D:1      | Reached XP level 1. HP: 20/20 MP: 1/1
    92 | D:1      | Reached skill level 1 in Stealth
    96 | D:1      | Reached XP level 2. HP: 27/27 MP: 2/2
   258 | D:1      | Reached XP level 3. HP: 19/33 MP: 3/3
   383 | D:2      | Reached XP level 4. HP: 21/40 MP: 4/4
  1337 | D:3      | Noticed Terence
  1346 | D:3      | Killed Terence
  1416 | D:3      | Reached XP level 5. HP: 40/46 MP: 5/5
  2435 | D:4      | Found Qinitov's Antique Weapon Emporium.
  2436 | D:4      | Noticed Blork the orc
  2448 | D:4      | Killed Blork the orc
  2448 | D:4      | Reached skill level 5 in Maces & Flails
  2561 | D:4      | Noticed a phantom
  2611 | D:4      | Found Piffoah's General Store.
  2618 | D:4      | Killed a phantom
  2618 | D:4      | Reached XP level 6. HP: 43/55 MP: 5/5
  2646 | D:4      | Bought a glowing flail for 156 gold pieces
  3253 | D:5      | Entered Level 5 of the Dungeon
  3296 | D:5      | Reached skill level 5 in Stealth
  3302 | D:5      | Found a hazy altar of Hepliaklqana.
  3309 | D:5      | Found a sparkling altar of Nemelex Xobeh.
  3316 | D:5      | Found a sacrificial altar of Ru.
  3323 | D:5      | Found an ancient bone altar of Kikubaaqudgha.
  3330 | D:5      | Found an ornate altar of the Wu Jian Council.
  3335 | D:5      | Found a snail-covered altar of Cheibriados.
  3346 | D:5      | Found a radiant altar of Vehumet.
  3411 | D:5      | Found a staircase to the Ecumenical Temple.
  3420 | Temple   | Entered the Ecumenical Temple
  3747 | D:5      | Reached XP level 7. HP: 50/61 MP: 6/6
  4082 | D:5      | Found Ciurch's Jewellery Shoppe.
  4192 | Temple   | Became a worshipper of Gozag Ym Sagoz the Greedy
  4504 | D:6      | Got a fine helmet
  4510 | D:6      | Identified the +1 helmet of Happy Babbling {rC+ Stlth+}
                  | (You found it on level 6 of the Dungeon)
  4956 | D:6      | Got a transparent helmet
  4967 | D:6      | Identified the +1 helmet of the Fifty Knives {rN++ Int+4
                  | Dex-2} (You found it on level 6 of the Dungeon)
  5007 | D:6      | Reached XP level 8. HP: 46/68 MP: 6/6
  5458 | D:7      | Noticed Harold
  5460 | D:7      | Noticed Maggie
  5476 | D:7      | Killed Harold
  5476 | D:7      | Gained mutation: You passively map the area around you.
                  | [Deep Dwarf growth]
  5476 | D:7      | Reached XP level 9. HP: 40/74 MP: 7/7
  5479 | D:7      | Killed Maggie
  5479 | D:7      | Reached skill level 10 in Maces & Flails
  5500 | D:7      | Identified a scroll of acquirement
  5550 | D:7      | Acquired the ring of Pihidura {rElec rPois rN+ Int+6 SInv}
  5985 | D:7      | Reached skill level 1 in Evocations
  6255 | D:8      | Reached skill level 10 in Stealth
  6364 | D:8      | Found Buhyelomn's General Store.
  6382 | D:8      | Reached skill level 5 in Evocations
  6408 | D:8      | Bought a cursed +0 pair of gloves for 16 gold pieces
  6408 | D:8      | Bought a wand of flame (12) for 77 gold pieces
  6456 | D:8      | Reached XP level 10. HP: 63/81 MP: 7/7
  6515 | D:8      | Noticed Gastronok
  6555 | D:8      | Killed Gastronok
  6680 | D:8      | Found a runed translucent door.
  6685 | D:8      | Found a basalt altar of Yredelemnul.
  7028 | D:5      | Bought the ring "Jaq Paduot" {*Drain rC++ rN+ AC+4 Str+3}
                  | for 719 gold pieces
  7323 | D:9      | Found a blossoming altar of Fedhas.
  7658 | D:10     | Entered Level 10 of the Dungeon
  7745 | D:10     | Found a staircase to the Lair.
  7801 | D:10     | Reached XP level 11. HP: 80/88 MP: 7/7
  8135 | D:10     | Found a staircase to the Orcish Mines.
  8142 | D:10     | Found a roughly hewn altar of Beogh.
  8367 | D:11     | Found an opulent altar of Gozag.
  8406 | D:11     | Found a gate leading to a gauntlet.
  8417 | Gauntlet | Entered a Gauntlet
  8417 | Gauntlet | Found a transporter.
  8417 | Gauntlet | Found a transporter.
  8417 | Gauntlet | Noticed an orange crystal statue
  8427 | Gauntlet | Found a transporter.
  8437 | Gauntlet | Found a transporter.
  8452 | Gauntlet | Found a transporter.
  8465 | Gauntlet | Noticed a death ooze
  8468 | Gauntlet | Found a transporter.
  8481 | Gauntlet | Found a transporter.
  8487 | Gauntlet | Found a transporter.
  8487 | Gauntlet | Noticed a death ooze
  8511 | Gauntlet | Found a transporter.
  8512 | Gauntlet | Noticed a wizard
  8521 | Gauntlet | Found a transporter.
  8521 | Gauntlet | Found a transporter.
  8557 | Gauntlet | Noticed an orange crystal statue
  8558 | Gauntlet | Found a transporter.
  8625 | Gauntlet | Killed a wizard
  8685 | Gauntlet | Got a pair of encrusted gloves
  8697 | Gauntlet | Identified the +2 pair of gloves of Defence {rPois rC-
                  | rCorr SInv} (You found it in a Gauntlet)
  8715 | Gauntlet | Killed a death ooze
  8715 | Gauntlet | Reached skill level 10 in Evocations
  8749 | Gauntlet | Killed a death ooze
  8749 | Gauntlet | Reached skill level 1 in Dodging
  8749 | Gauntlet | Reached skill level 4 in Shields
  8835 | Gauntlet | Noticed a minotaur
  8844 | Gauntlet | Killed a minotaur
  8844 | Gauntlet | Reached skill level 5 in Shields
  9023 | D:11     | Noticed a two-headed ogre
  9030 | D:11     | Killed a two-headed ogre
  9065 | D:11     | Reached skill level 6 in Shields
  9186 | D:10     | Noticed a two-headed ogre
  9188 | D:10     | Reached skill level 5 in Armour
  9223 | D:10     | Killed a two-headed ogre
  9223 | D:10     | Reached skill level 7 in Shields
  9223 | D:10     | Reached XP level 12. HP: 78/96 MP: 8/8
  9726 | D:11     | Reached skill level 8 in Shields
  9813 | D:12     | Reached skill level 5 in Dodging
  9822 | D:12     | Noticed a five-headed hydra
  9826 | D:12     | Killed a five-headed hydra
  9878 | D:12     | Reached skill level 9 in Shields
  9990 | D:12     | Reached skill level 10 in Shields
 10236 | Lair:1   | Entered Level 1 of the Lair of Beasts
 10365 | Lair:1   | Found a transporter.
 10483 | Lair:1   | Reached skill level 11 in Shields
 10518 | Lair:1   | Found a snail-covered altar of Cheibriados.
 10775 | Lair:1   | Found a transporter.
 10966 | Lair:2   | Found a staircase to the Shoals.
 11122 | Lair:2   | Reached skill level 12 in Shields
 11322 | Lair:2   | Found a staircase to the Snake Pit.
 11346 | Lair:2   | Reached XP level 13. HP: 95/102 MP: 3/3
 11921 | Lair:3   | Found a runed translucent door.
 11976 | Lair:3   | Noticed Delarado's ghost (journeyman DEFE)
 12241 | Lair:3   | Got an ancient plate armour
 12242 | Lair:3   | Identified the +13 plate armour of the Trout {MR+ Str+4
                  | Dex-4 Stlth+} (You found it on level 3 of the Lair of
                  | Beasts)
 12576 | Lair:3   | Reached skill level 13 in Shields
 12857 | Lair:4   | You fall into a shaft and drop 1 floor!
 13975 | Lair:5   | Found a staircase to the Slime Pits.
 13986 | Lair:5   | Reached skill level 14 in Shields
 14017 | Lair:5   | Bought a pair of heavily runed boots for 304 gold pieces
 14027 | Lair:5   | Identified the +1 pair of boots of the Okapi {Harm Str+3}
                  | (You bought it in a shop on level 5 of the Lair of Beasts)
 14046 | Lair:5   | Acquired 2010 gold pieces
 14053 | Lair:5   | Bought the macabre finger necklace {rN+} for 560 gold
                  | pieces
 14053 | Lair:5   | Found the macabre finger necklace {rN+}
 14608 | Lair:6   | Entered Level 6 of the Lair of Beasts
 14708 | Lair:6   | Gained mutation: You resist negative energy. (rN+) [Deep
                  | Dwarf growth]
 14708 | Lair:6   | Reached XP level 14. HP: 102/109 MP: 4/4
 14807 | Lair:6   | Reached skill level 15 in Shields
 15303 | Lair:6   | Reached skill level 10 in Armour
 15637 | Lair:5   | Bought the ring of Phasing {EV+8} for 1792 gold pieces
 15637 | Lair:5   | Found the ring of Phasing {EV+8}
 15768 | Shoals:1 | Entered Level 1 of the Shoals
 15864 | Orc:1    | Entered Level 1 of the Orcish Mines
 15870 | Orc:1    | You fall into a shaft and drop 1 floor!
 15870 | Orc:2    | Entered Level 2 of the Orcish Mines
 15898 | Orc:2    | Found a staircase to the Elven Halls.
 16168 | Orc:2    | Found a roughly hewn altar of Beogh.
 16328 | Orc:2    | Found Batuj's General Store.
 16336 | Orc:2    | Bought a scroll of identify for 22 gold pieces
 16336 | Orc:2    | Bought a scroll of identify for 22 gold pieces
 16336 | Orc:2    | Bought a phial of floods for 440 gold pieces
 16411 | Orc:2    | Reached skill level 10 in Dodging
 16668 | Orc:2    | Found Qaitai's Distillery.
 16668 | Orc:2    | Found Doinki Dutye's Distillery.
 16672 | Orc:2    | Found Gymorch's Distillery.
 16675 | Orc:2    | Found Reteluxirph's Antique Weapon Shoppe.
 16679 | Orc:2    | Bought a potion of mutation for 96 gold pieces
 16679 | Orc:2    | Bought a potion of curing for 36 gold pieces
 16679 | Orc:2    | Bought a potion of haste for 120 gold pieces
 16679 | Orc:2    | Bought a potion of magic for 96 gold pieces
 16679 | Orc:2    | Bought a potion of might for 48 gold pieces
 16679 | Orc:2    | Bought a potion of heal wounds for 60 gold pieces
 16679 | Orc:2    | Bought a potion of flight for 36 gold pieces
 16679 | Orc:2    | Bought a potion of might for 48 gold pieces
 16680 | Orc:2    | Bought a potion of cancellation for 88 gold pieces
 16896 | Orc:2    | Got a spiked hat
 16935 | Orc:2    | Identified the +2 hat "Tatuwaj" {Int+4} (You found it on
                  | level 2 of the Orcish Mines)
 16949 | Orc:2    | Got a jewelled hat
 16960 | Orc:2    | Identified the +0 hat of Hammat {rElec MR+ Str+4 Int-4
                  | Stlth+} (You found it on level 2 of the Orcish Mines)
 17018 | Orc:1    | Noticed a stone giant
 17039 | Orc:1    | Killed a stone giant
 17244 | Orc:1    | Noticed an orc warlord
 17268 | Orc:1    | Killed an orc warlord
 17743 | Elf:1    | Entered Level 1 of the Elven Halls
 17746 | Elf:1    | Reached skill level 5 in Fighting
 17867 | Elf:1    | Reached skill level 1 in Throwing
 17867 | Elf:1    | Reached XP level 15. HP: 102/126 MP: 2/2
 17933 | Elf:1    | Identified the Almanac of Confrontation
 18042 | Elf:1    | Found Mimyv's Weapon Emporium.
 18045 | Elf:1    | Noticed Jorgrun
 18054 | Elf:1    | Killed Jorgrun
 18155 | Elf:1    | Found Ysimak's Antique Weapon Shop.
 18174 | Elf:1    | Bought a runed morningstar for 203 gold pieces
 18204 | Elf:1    | Noticed Kirke
 18222 | Elf:1    | Killed Kirke
 18653 | Elf:1    | Found Yvvoy's Distillery.
 18663 | Elf:1    | Bought a glowing cloak for 217 gold pieces
 18679 | Elf:1    | Bought a potion of haste for 180 gold pieces
 18679 | Elf:1    | Bought a potion of heal wounds for 90 gold pieces
 18969 | Elf:2    | Found Icro's Book Boutique.
 19387 | Elf:2    | Identified the Handbook of Evil Rites
 19399 | Elf:2    | Found an ancient bone altar of Kikubaaqudgha.
 19539 | Elf:2    | Found a runed translucent gate.
 19539 | Elf:2    | Found a runed translucent gate.
 19540 | Elf:2    | Found a runed translucent gate.
 19545 | Elf:2    | Reached skill level 5 in Throwing
 19777 | Elf:2    | Reached XP level 16. HP: 98/144 MP: 1/1
 19859 | Elf:2    | Quit the game

Illustrated notes

Levels and vault maps discovered:
D:1:      psy_arrival_dodecagon, layout_rooms
D:2:      layout_basic, nrook_mini_vaults
D:3:      layout_basic, uniq_terence
D:4:      layout_basic, serial_shops, shop, nicolae_shop_crystal,
          minmay_quantized, uniq_blork_the_orc
D:5:      layout_cave_pods, grunt_temple_overflow_octagram,
          minmay_temple_entry_antechambers, serial_shops, kennysheep_mini_moat
D:6:      layout_basic, serial_bayou, serial_bayou_crossing,
          serial_bayou_pond_b, serial_bayou_pond_c, serial_bayou_pond_c,
          lemuel_old_faithful
D:7:      layout_loops_ring, uniq_maggie, uniq_harold
D:8:      layout_basic, serial_shops, shop_coins, dk_yredelemnul_ordeal,
          uniq_gastronok
D:9:      layout_basic, lemuel_doored_altar,
          hangedman_abyss_or_decor_lesser_grid, minmay_strange_pillars
D:10:     layout_small_grid, erik_lair_orcish_takeover,
          minmay_orc_entry_temple_small
D:11:     layout_long_grid, gauntlet_entry_generic,
          hangedman_abyss_or_decor_stabs, kennysheep_nondescript,
          chequers_serial_rivers_room_a, nicolae_gozag_seed_capital
D:12:     layout_loops_ring
Temple:   eino_narrow_crystal_temple
Lair:1:   gammafunk_cloud_chamber, layout_long_grid, kennysheep_snail_temple
Lair:2:   layout_roguey, minmay_shoals_entry_centaurs,
          minmay_snake_entry_spellcaster, wad_woods_river_01
Lair:3:   pond_and_an_island_with_a_cottage, layout_regular_city,
          gammafunk_ghost_grave, grunt_megastairs_2
Lair:4:   layout_roguey, beast_lair_carwin_3
Lair:5:   layout_regular_city, minmay_slime_entry_pillars,
          nicolae_volcano_entry_lava_flow, minmay_stone_trees_small
Lair:6:   evilmike_catoblepas_cave, layout_misc_corridors, grunt_megastairs_5,
          infiniplex_staircase_pool_2
Shoals:1: cheibrodos_shoals_baths, layout_shoals
Orc:1:    layout_caves
Orc:2:    st_orc_rangers, layout_caves, basic_altar, serial_shops, shop,
          hangedman_minor_magic
Elf:1:    layout_loops_corners, serial_shops, shop, nicolae_shop_behind_doors,
          shop, minmay_elf_annihilation, uniq_kirke, uniq_jorgrun
Elf:2:    layout_geoelf_grid, basic_altar, serial_shops,
          nicolae_shop_waterfront, nicolae_elf_big_sculpture_2,
          nicolae_elf_glass_and_crystal_pillar_1, minmay_misc_feat_five,
          minivault_16, minmay_elf_necromancy

Skill      XL: |  1  2  3  4  5  6  7  8  9 10 11 12 13 14 15 16 |
---------------+-------------------------------------------------+-----
Stealth        | 1 2 3 4 5 6 8 10 | 10.0
Maces & Flails | 3 4 5 6 7 9 11 13 14 | 14.2
Evocations     | 5 8 10 11 | 11.1
Dodging        | 4 5 7 11 | 11.0
Shields        | 7 12 14 15 | 15.0
Armour         | 5 6 8 11 | 11.0
Fighting       | 5 9 |  9.7
Throwing       | 1 6 |  6.7

Action                   |  1- 3 |  4- 6 |  7- 9 | 10-12 | 13-15 | 16-18 || total
-------------------------+-------+-------+-------+-------+-------+-------++-------
Melee: Flail             |    95 |   261 |   247 |   790 |  1394 |    28 ||  2815
Invok: Call Merchant     |       |       |       |       |     5 |       ||     5
 Abil: Heal Wounds       |     1 |     4 |     8 |    31 |    29 |     1 ||    74
       Evoke Invisibilit |       |       |       |       |     5 |       ||     5
Evoke: Wand              |       |     1 |    10 |    24 |    15 |     1 ||    51
       Tin of tremorston |       |       |       |     4 |    11 |       ||    15
       Condenser vane    |       |       |       |       |     7 |       ||     7
       Phial of floods   |       |       |       |       |     2 |       ||     2
  Use: Scroll            |       |     3 |     7 |     7 |    13 |       ||    30
       Potion            |       |       |       |     1 |     3 |     2 ||     6
 Stab: Paralysed         |       |     5 |     2 |       |       |       ||     7
       Sleeping          |       |       |     3 |    11 |     5 |       ||    19
       Distracted        |       |       |       |    11 |    12 |     1 ||    24
       Invisible         |       |       |       |       |    23 |       ||    23
       Confused          |       |       |       |       |     1 |       ||     1
Armor: Scale mail        |    27 |    27 |       |       |       |       ||    54
       Chain mail        |       |    49 |       |       |       |       ||    49
       Plate armour      |       |    43 |    90 |       |   391 |     7 ||   531
       Swamp dragon scal |       |       |    23 |   213 |    19 |       ||   255
Dodge: Dodged            |    27 |    65 |    43 |   195 |   488 |     7 ||   825
       Repelled          |       |       |       |       |     2 |       ||     2
Block: Kite shield       |    44 |   113 |   108 |   268 |   762 |     6 ||  1301

Table legend: (Time is in decaauts)
 A = Elapsed time spent in this place.
 B = Non-inter-level travel time spent in this place.
 C = Inter-level travel time spent in this place.
 D = Time resting spent in this place.
 E = Time spent auto-exploring this place.
 F = Levels seen in this place.
 G = Mean time per level.
                   A        B        C        D        E       F      G
               +--------+--------+--------+--------+--------+-----+--------+
         Total |  19453 |  18289 |   1164 |    306 |  11702 |  25 |  778.1 |
       Dungeon |   9628 |   8950 |    678 |     54 |   6059 |  12 |  802.3 |
        Temple |    179 |    142 |     37 |      0 |    123 |   1 |  179.0 |
          Lair |   5432 |   5115 |    317 |    200 |   3503 |   6 |  905.3 |
        Shoals |     29 |     29 |      0 |      0 |      0 |   1 |   29.0 |
  Orcish Mines |   1789 |   1668 |    121 |      3 |    863 |   2 |  894.5 |
   Elven Halls |   1955 |   1946 |      9 |      0 |   1153 |   2 |  977.5 |
      Gauntlet |    439 |    439 |      0 |     49 |      0 |   1 |  439.0 |
               +--------+--------+--------+--------+--------+-----+--------+

Top non-repeatable levels by time:
   Orc:2: 1177 daAuts
   Elf:1: 1138 daAuts
  Lair:5: 1079 daAuts
     D:2: 1039 daAuts
     D:3: 1018 daAuts
     D:5: 998 daAuts
     D:6: 983 daAuts
    D:11: 947 daAuts
     D:4: 930 daAuts
  Lair:6: 925 daAuts
  Lair:2: 919 daAuts
     D:7: 908 daAuts
  Lair:3: 867 daAuts
  Lair:4: 863 daAuts
   Elf:2: 817 daAuts
